 Dungeon Crawl Stone Soup version 0.31-a0-654-gbe3e110b4e (webtiles) character file.

Game seed: 15942462124577458385

23838 zenocrate the Grappler (level 13, -5/83 HPs)
             Began as an Octopode Shapeshifter on Aug 29, 2023.
             Was an Initiate of Gozag.
             Slain by a cane toad (20 damage)
             ... on level 2 of the Lair of Beasts.
             The game lasted 00:30:27 (13160 turns).

zenocrate the Grappler (Octopode Shapeshifter)     Turns: 13160, Time: 00:30:28

Health: -5/83      AC:  4    Str: 26    XL:     13   Next: 9%
Magic:  0/13       EV: 24    Int: 12    God:    Gozag
Gold:   579        SH:  4    Dex: 16    Spells: 12/12 levels left

rFire   . .          .
                       - Unarmed
rCold   + . .        (shield currently unavailable)
rNeg    + . .        F - +2 hat "Vutirasm" {rElec rN+ Str+3 Dex-3}
rPois   .            I - amulet of guardian spirit
rElec   +            j - +6 ring of dexterity
rCorr   .            r - +6 ring of strength
SInv    .            y - +5 ring of evasion
Will    .....        t - ring of wizardry
Stlth   +            (no ring)
HPRegen 0.33/turn    (no ring)
MPRegen 0.13/turn    (no ring)
                     (no ring)

%: guardian spirit, wizardry (x1)
@: flux-form, gold aura, glowing
A: glow, contaminating, almost no armour, amphibious, 8 rings, camouflage 1,
gelatinous body 1, (nimble swimmer 1), tentacles, large bone plates 1, cold
resistance 1, shaggy fur 1
a: Begin Untransformation, Renounce Religion, Potion Petition, Call Merchant,
Bribe Branch


You were on level 2 of the Lair of Beasts.
You worshipped Gozag.
Gozag was pleased with you.
You were something dangerously unstable.
You visited 3 branches of the dungeon, and saw 13 of its levels.
You also visited: Bailey.

You collected 2400 gold pieces.
You spent 1216 gold pieces at shops.
You paid 605 gold pieces to Gozag.

Inventory:

Missiles
 i - 9 boomerangs
Armour
 C - a +0 tower shield of protection
 F - the +2 hat "Vutirasm" (worn) {rElec rN+ Str+3 Dex-3}
   (You acquired it on level 8 of the Dungeon)

   Str+3:     It affects your strength (+3).
   Dex-3:     It affects your dexterity (-3).
   rElec:     It insulates you from electricity.
   rN+:       It protects you from negative energy.
Jewellery
 j - a +6 ring of dexterity (left tentacle)
 r - a +6 ring of strength (right tentacle)
 t - a ring of wizardry (on tentacle)
 y - a +5 ring of evasion (on tentacle)
 I - an amulet of guardian spirit (around mantle)
Talismans
 b - a beast talisman
 c - a flux talisman (active)
 G - a maw talisman
Wands
 k - a wand of light (4)
 n - a wand of digging (4)
 q - a wand of polymorph (17)
 A - a wand of flame (21)
 B - a wand of iceblast (4)
Scrolls
 a - 2 scrolls of fog
 d - a scroll of enchant weapon
 f - a scroll of teleportation {unknown}
 h - 2 scrolls of immolation
 m - a scroll of torment {unknown}
 p - a scroll of poison {unknown}
 u - a scroll of silence {unknown}
 v - 2 scrolls of revelation
 w - a scroll of amnesia {unknown}
 z - a scroll of fear
 E - a scroll of enchant armour {unknown}
Potions
 e - a potion of haste
 g - 2 potions of attraction
 l - 2 potions of might
 s - 6 potions of curing
 x - 2 potions of magic
 D - a potion of mutation
 H - 4 potions of enlightenment
 K - a potion of invisibility
 L - a potion of ambrosia


   Skills:
 - Level 6.1 Fighting
 - Level 10.7 Dodging
 + Level 1.0 Shields
 + Level 13.0 Unarmed Combat
 - Level 6.0 Evocations
 + Level 11.2 Shapeshifting


You had 12 spell levels left.
You didn't know any spells.
Your spell library contained the following spells:

 Spells                   Type           Power      Damage    Failure   Level
 Magic Dart               Conj           0%         1d3       13%         1
 Sandblast                Erth           0%         2d4       13%         1
 Summon Small Mammal      Summ           0%         N/A       13%         1
 Passwall                 Tmut/Erth      0%         N/A       21%         2
 Poisonous Vapours        Pois/Air       0%         N/A       21%         2
 Searing Ray              Conj           0%         2d4       21%         2
 Call Canine Familiar     Summ           0%         N/A       36%         3
 Dazzling Flash           Conj/Hex       0%         N/A       36%         3
 Mephitic Cloud           Conj/Pois/Air  0%         N/A       36%         3
 Stone Arrow              Conj/Erth      0%         3d7       36%         3
 Summon Guardian Golem    Hex/Summ       0%         N/A       36%         3
 Volatile Blastmotes      Fire/Tloc      0%         2d10      36%         3
 Fulminant Prism          Conj/Hex       0%         3d5       75%         4
 Olgreb's Toxic Radiance  Pois           0%         N/A       75%         4
 Summon Ice Beast         Ice/Summ       0%         N/A       75%         4
 Freezing Cloud           Conj/Ice/Air   0%         6-21      97%         5
 Summon Mana Viper        Hex/Summ       0%         N/A       97%         5
 Starburst                Conj/Fire      0%         6d3       100%        6
 Monstrous Menagerie      Summ           0%         N/A       100%        7
 Discord                  Hex            0%         N/A       100%        8
 Ignition                 Fire           0%         3d3       100%        8
 Lehudib's Crystal Spear  Conj/Erth      0%         10d2      100%        8
 Maxwell's Capacitive Co  Air            0%         ∞         100%        8
 Animate Armour           Summ/Erth      Unusable   N/A       N/A         4

Dungeon Overview and Level Annotations

Branches:
Dungeon (9/15)             Temple (1/1) D:7            Lair (3/5) D:9
  Swamp (0/4) Lair:2       Spider (0/4) Lair:2       Bailey (visited)
    Orc: D:9-12

Altars:
Ashenzari
Cheibriados
Dithmenos
Elyvilon
Fedhas
Gozag
Hepliaklqana
Kikubaaqudgha
Makhleb
Nemelex Xobeh
Okawaru
Qazlal
Ru
Sif Muna
Trog
Uskayaw
Vehumet
Wu Jian
Xom
Yredelemnul
Zin
The Shining One

Shops:
D:3 ?   D:5 !   D:8 *   Lair:1 *

Annotations:
D:6 3 runed translucent doors with cool hat, Farjai's ghost, amateur DsSh
Lair:2 3 runed translucent doors, jejorda2's ghost, journeyman GnBe


Innate Abilities, Weirdness & Mutations

You are something dangerously unstable.
You glow with magical radiation, making you easy to see and hit.
Foes you strike become dangerously contaminated with magical radiation.
You are incapable of wielding weapons or throwing items.
You cannot wear most types of armour.
You are amphibious.
You can wear up to eight rings at the same time.
Your skin changes colour to match your surroundings (Stealth+).
Your rubbery body absorbs attacks. (AC +1, EV +1)
((You are camouflaged when in or above water. (Stealth+)))
You have tentacles for arms and can constrict up to eight enemies at once.
You are partially covered in large bone plates. (SH +4)
Your flesh is cold resistant. (rC+)
You are covered in fur. (AC +1)


Message History

The skyshark completely misses you. The skyshark barely misses you.
The skyshark misses you. The skyshark completely misses you. x3
Unknown command.
Unknown command.
You feel much better.
The komodo dragon stops glowing.
The skyshark misses you. The skyshark tail-slaps you.
The skyshark completely misses you.
Unknown command.
You tentacle-slap the skyshark.
The skyshark begins to glow.
The skyshark is severely wounded.
The skyshark bites you. You block the skyshark's attack.
The skyshark misses you.
Unknown command.
You tentacle-slap the skyshark.
The skyshark glows dangerously bright.
You squeeze the skyshark!
The skyshark is almost dead.
The skyshark misses you. x2; The skyshark closely misses you.
The skyshark completely misses you. The skyshark misses you.
The skyshark tail-slaps you.
Unknown command.
You tentacle-slap the skyshark.
The skyshark shudders as magic cascades through it.
The skyshark twists and deforms.
The skyshark is almost dead.
The skyshark completely misses you. x3
Unknown command.
You bludgeon the skyshark!
You kill the skyshark!
The cane toad seems to regain its courage.
Your Shields skill increases to level 1!
Your Unarmed Combat skill increases to level 13!
Unknown command.
The komodo dragon seems to regain its courage.
The cane toad stings you!!
* * * LOW HITPOINT WARNING * * *
You closely miss the cane toad. Your grab misses the cane toad.
You squeeze the cane toad!
The cane toad is moderately wounded.
The cane toad stings you!!
You die...
Your body crumbles into a pile of gold.

#.........#.##.>...#.#.#
#.........####....#...#.
#.###.#+..# #.######.#.#
### ###...# ### ##...#
###..## #...^.
######.##+.# ######.....
##..........####...##.....
#.........$.#..#...###....
##......FB...#.+...####.##
#...........+.l......###.#
#.....................###.
##..##.#.#########'#..# ##
###.#..## #.#### # ##...#
##..# ##..# #..##
#####..#### ##.P#
#...##'...# ##.##


You could see a komodo dragon and a cane toad.

Vanquished Creatures
  2 hydras (Lair:2)
  A death yak (Lair:2)
  A skyshark (Lair:2)
  Pikel (D:5)
  An orc knight (Bailey)
  A black mamba (Lair:2)
  6 elephants (Lair:3)
  10 cane toads
  A rime drake (Lair:1)
  4 komodo dragons (Lair:1)
  A troll (D:9)
  13 blink frogs
  A shadow (D:9)
  2 culicivoras (Lair:2)
  5 wyverns
  22 yaks
  Grum (D:8)
  A steam dragon (D:9)
  An acid dragon (D:8)
  11 water moccasins
  7 orc warriors
  2 sky beasts (D:7)
  A black bear (D:6)
  An ice beast (D:6)
  An ogre (D:5)
  6 centaurs
  2 wolves
  5 phantoms
  3 kobold brigands (D:8)
  A lemure (D:5)
  14 bullfrogs
  6 scorpions
  6 wights (D:8)
  5 killer bees (D:9)
  7 howler monkeys
  An electric eel (Lair:1)
  A hound (D:4)
  A jelly (D:5)
  An orc priest (D:4)
  2 gnoll boudas (D:6)
  2 sleepcaps
  11 hell rats
  6 iguanas
  3 orc wizards
  13 gnolls
  8 adders
  A shadow imp (D:6)
  2 white imps (D:5)
  3 ufetubi
  2 worms (D:3)
  A dart slug (D:5)
  25 orcs
  8 endoplasms
  3 giant cockroaches
  8 goblins
  11 hobgoblins
  4 quokkas
  8 ball pythons
  5 bats
  5 frilled lizards
  17 kobolds
  6 rats
311 creatures vanquished.

Vanquished Creatures (others)
  A hornet (D:9)
1 creature vanquished.

Grand Total: 312 creatures vanquished

Notes
Turn   | Place    | Note
-------+----------+-------------------------------------------
     0 | D:1      | zenocrate the Octopode Shapeshifter began the quest for the
                  | Orb.
     0 | D:1      | Reached XP level 1. HP: 13/13 MP: 1/1
   150 | D:1      | Reached XP level 2. HP: 12/18 MP: 2/2
   406 | D:1      | Reached XP level 3. HP: 18/23 MP: 3/3
   442 | D:1      | You fall into a shaft and drop 1 floor!
   801 | D:2      | Reached XP level 4. HP: 29/29 MP: 4/4
  1077 | D:3      | Found Duerphox's Magic Scroll Shoppe.
  1296 | D:3      | Found a hazy altar of Hepliaklqana.
  1756 | D:3      | Reached skill level 4 in Unarmed Combat
  1973 | D:4      | Noticed a scorpion
  1980 | D:3      | Reached XP level 5. HP: 34/34 MP: 5/5
  2314 | D:4      | Noticed a phantom
  2323 | D:4      | Killed a phantom
  2324 | D:4      | Reached XP level 6. HP: 27/42 MP: 6/6
  2880 | D:4      | Reached skill level 5 in Unarmed Combat
  3070 | D:5      | Entered Level 5 of the Dungeon
  3154 | D:5      | Reached XP level 7. HP: 46/46 MP: 7/7
  3192 | D:5      | Noticed Pikel
  3232 | D:5      | Killed Pikel
  3233 | D:5      | Reached skill level 6 in Unarmed Combat
  3233 | D:5      | Reached XP level 8. HP: 24/52 MP: 8/8
  3648 | D:5      | Found Kiopub's Distillery.
  4232 | D:6      | Found a runed translucent gate.
  4233 | D:6      | Found a runed translucent gate.
  4233 | D:6      | Noticed Farjai's ghost (amateur DsSh)
  4234 | D:6      | Found a runed translucent gate.
  4239 | D:6      | Identified the +0 plate armour of Wu Jian's Favour {rF+
                  | Will+}
  4310 | D:6      | Reached skill level 7 in Unarmed Combat
  4375 | D:6      | Reached skill level 1 in Evocations
  4484 | D:6      | Reached XP level 9. HP: 57/59 MP: 9/9
  4675 | D:6      | Reached skill level 5 in Fighting
  4755 | D:6      | Found a glowing silver altar of Zin.
  4834 | D:6      | Found an opulent altar of Gozag.
  4841 | D:6      | Became a worshipper of Gozag Ym Sagoz the Greedy
  5247 | D:7      | Reached skill level 8 in Unarmed Combat
  5289 | D:7      | Found a flagged portal.
  5313 | Bailey   | Entered a bailey
  5584 | Bailey   | Noticed an orc knight
  5643 | Bailey   | Killed an orc knight
  5644 | Bailey   | Reached skill level 5 in Evocations
  5644 | Bailey   | Reached XP level 10. HP: 49/68 MP: 10/10
  5924 | Bailey   | Identified the +1 leather armour of Gebaukhi {Rampage
                  | rElec}
  5925 | Bailey   | Identified the +5 ice dragon scales of the Manifold Wishes
                  | {rElec rF- rC++ Will+}
  6092 | D:7      | Found a staircase to the Ecumenical Temple.
  6106 | Temple   | Entered the Ecumenical Temple
  6713 | D:8      | Noticed Grum
  6718 | D:7      | Reached skill level 9 in Unarmed Combat
  6769 | D:8      | Killed Grum
  6815 | D:8      | Reached skill level 5 in Dodging
  6973 | D:8      | Found Juajiuz's General Store.
  6975 | D:8      | Gained mutation: You are partially covered in large bone
                  | plates. (SH +4) [potion of mutation]
  6975 | D:8      | Gained mutation: You are covered in fur. (AC +1) [potion of
                  | mutation]
  6975 | D:8      | Gained mutation: Your flesh is cold resistant. (rC+)
                  | [potion of mutation]
  6982 | D:8      | Bought a potion of curing for 39 gold pieces
  7150 | D:8      | Found a sacrificial altar of Ru.
  7150 | D:8      | Found a snail-covered altar of Cheibriados.
  7793 | D:9      | Reached skill level 10 in Unarmed Combat
  8099 | D:9      | Reached XP level 11. HP: 72/72 MP: 11/11
  8168 | D:9      | Found a staircase to the Lair.
  8439 | D:9      | Found a white marble altar of Elyvilon.
  8509 | Lair:1   | Entered Level 1 of the Lair of Beasts
  8711 | D:3      | Bought a scroll of acquirement for 624 gold pieces
  8711 | D:3      | Bought a scroll of identify for 24 gold pieces
  8711 | D:3      | Bought a scroll of identify for 24 gold pieces
  8711 | D:3      | Bought a scroll of identify for 24 gold pieces
  8711 | D:3      | Bought a scroll of identify for 24 gold pieces
  8785 | D:5      | Bought a potion of curing for 36 gold pieces
  8785 | D:5      | Bought a potion of invisibility for 96 gold pieces
  8785 | D:5      | Bought a potion of enlightenment for 60 gold pieces
  8785 | D:5      | Bought a potion of ambrosia for 96 gold pieces
  8785 | D:5      | Bought a potion of curing for 36 gold pieces
  8785 | D:5      | Bought a potion of curing for 36 gold pieces
  8843 | D:8      | Bought a scroll of revelation for 97 gold pieces
  8843 | D:8      | Acquired the +2 hat "Vutirasm" {rElec rN+ Str+3 Dex-3}
  9428 | Lair:1   | Reached skill level 11 in Unarmed Combat
 10535 | Lair:1   | Reached XP level 12. HP: 71/79 MP: 12/12
 11024 | Lair:2   | Found a runed translucent gate.
 11024 | Lair:2   | Found a runed translucent gate.
 11024 | Lair:2   | Found a runed translucent gate.
 11066 | Lair:2   | Found a hole to the Spider Nest.
 11071 | Lair:2   | Reached skill level 10 in Shapeshifting
 11166 | Lair:2   | Noticed a five-headed hydra
 11177 | Lair:2   | Killed a five-headed hydra
 11385 | Lair:2   | Reached skill level 12 in Unarmed Combat
 11847 | Lair:2   | Noticed an eight-headed hydra
 11856 | Lair:2   | Killed an eight-headed hydra
 11857 | Lair:2   | Reached skill level 10 in Dodging
 12065 | Lair:2   | Identified the +1 mace of Shrieking Terror {flame, Contam
                  | rElec Will+}
 12131 | Lair:2   | Found a staircase to the Swamp.
 12222 | Lair:2   | Noticed jejorda2's ghost (journeyman GnBe)
 12222 | Lair:2   | Noticed an ice dragon
 12802 | Lair:3   | Reached XP level 13. HP: 41/83 MP: 5/13
 13158 | Lair:2   | Reached skill level 1 in Shields
 13158 | Lair:2   | Reached skill level 13 in Unarmed Combat
 13160 | Lair:2   | Slain by a cane toad

Illustrated notes

Levels and vault maps discovered:
D:1:      minmay_arrival_split_and_join, layout_basic
D:2:      cheibrodos_helix_gallery, layout_rooms, serial_forest,
          infiniplex_forest_straight_2, infiniplex_forest_lined_3_way,
          infiniplex_forest_clump_small, infiniplex_forest_clump_long,
          infiniplex_forest_straight_4, infiniplex_forest_clump_large,
          infiniplex_forest_corner_1, kennysheep_nondescript
D:3:      layout_basic, worldfamousw_hep_ancestral_shrine, serial_shops,
          shop_scrolls, fountainhead, dk_noncrumbling_2
D:4:      layout_basic, minmay_door_square
D:5:      layout_rooms, serial_shops, shop, minmay_puff, uniq_pikel
D:6:      layout_loops_ring, pdpol_temple_overflow_zin_treasury_gozag_greed,
          biasface_ghost_orc_armoury
D:7:      cheibrodos_quashed, layout_cave_pools, minmay_temple_entry_tees,
          enter_bailey_3, nicolae_lava_and_water, kennysheep_generic_room_15
D:8:      layout_rooms, nicolae_overflow_two_pavilions, serial_shops, shop,
          uniq_grum
D:9:      minmay_four_partial_circles, layout_basic,
          mainiacjoe_overflow_cross_hatched
Temple:   compressed_dpeg_triangle_lava_temple
Lair:1:   layout_long_grid, serial_bayou_shore_a, grunt_megastairs_4,
          infiniplex_staircase_pool_2
Lair:2:   layout_roguey, swamp_mist, hellmonk_spider_entry_life_and_decay,
          gammafunk_ghost_icy
Lair:3:   layout_cave_pods

Skill      XL: |  1  2  3  4  5  6  7  8  9 10 11 12 13 |
---------------+----------------------------------------+-----
Dodging        | 3 4 6 8 10 | 10.7
Fighting       | 2 3 4 6 |  6.1
Unarmed Combat | 4 5 6 7 8 10 11 12 13 | 13.0
Shapeshifting  | 4 6 7 8 9 11 | 11.2
Evocations     | 1 5 6 |  6.0
Shields        | 1 |  1.0

Action                     |  1- 3 |  4- 6 |  7- 9 | 10-12 | 13-15 || total
---------------------------+-------+-------+-------+-------+-------++-------
  Melee: Unarmed           |    75 |    84 |   177 |   530 |    24 ||   890
         Constrict         |    18 |    22 |    44 |    91 |     1 ||   176
         Tentacles         |    17 |    18 |    49 |   162 |     9 ||   255
         Punch             |     3 |     4 |     7 |     2 |       ||    16
  Throw: Dart              |       |     8 |     3 |       |       ||    11
         Throwing net      |       |       |     1 |       |       ||     1
 Invoke: Call Merchant     |       |       |       |     1 |       ||     1
  Evoke: Wand              |       |       |     6 |    18 |       ||    24
    Use: Scroll            |       |     4 |     5 |     6 |     1 ||    16
         Potion            |       |       |     1 |     9 |     1 ||    11
   Stab: Sleeping          |     4 |     8 |     2 |       |       ||    14
         Held in net/web   |       |       |     1 |       |       ||     1
         Distracted        |       |       |       |     2 |       ||     2
 Armour: Skin              |    13 |     4 |     6 |    75 |     3 ||   101
  Dodge: Dodged            |    50 |    48 |   130 |   423 |    53 ||   704
  Block: Other             |       |       |       |    60 |     8 ||    68
   Form: Flux              |       |       |     1 |       |       ||     1

Table legend: (Time is in decaauts)
 A = Elapsed time spent in this place.
 B = Non-inter-level travel time spent in this place.
 C = Inter-level travel time spent in this place.
 D = Time resting spent in this place.
 E = Time spent auto-exploring this place.
 F = Levels seen in this place.
 G = Mean time per level.
                   A        B        C        D        E       F      G
               +--------+--------+--------+--------+--------+-----+--------+
         Total |  12998 |  12180 |    818 |     34 |   9827 |  14 |  928.4 |
       Dungeon |   8198 |   7587 |    611 |      2 |   6181 |   9 |  910.9 |
        Temple |      1 |      1 |      0 |      0 |      0 |   1 |    1.0 |
          Lair |   4196 |   3990 |    206 |      2 |   3239 |   3 | 1398.7 |
        Bailey |    601 |    601 |      0 |     30 |    407 |   1 |  601.0 |
               +--------+--------+--------+--------+--------+-----+--------+

Top non-repeatable levels by time:
  Lair:2: 2100 daAuts
  Lair:1: 1891 daAuts
     D:6: 1135 daAuts
     D:3: 1104 daAuts
     D:7: 1053 daAuts
     D:9: 1023 daAuts
     D:5: 1022 daAuts
     D:4: 983 daAuts
     D:8: 808 daAuts
  Bailey: 601 daAuts
     D:1: 589 daAuts
     D:2: 478 daAuts
  Lair:3: 204 daAuts
  Temple: 1 daAuts
